 Dungeon Crawl Stone Soup version 0.23.0 (webtiles) character file.

Game seed: 16082243887716483567

1044 Flugkiller the Skirmisher (level 8, -2/54 HPs)
             Began as a Gargoyle Fighter on Feb 18, 2019.
             Was an Initiate of the Shining One.
             Slain by Menkaure (16 damage)
             ... on level 5 of the Dungeon.
             The game lasted 00:03:48 (4534 turns).

Flugkiller the Skirmisher (Gargoyle Fighter)        Turns: 4534, Time: 00:03:49

Health: -2/54      AC: 15    Str: 20    XL:     8   Next: 25%
Magic:  8/8        EV:  7    Int: 10    God:    the Shining One [......]
Gold:   235        SH:  9    Dex: 10    Spells: 7/7 levels left

rFire    + . .     SeeInvis .   a - +0 war axe
rCold    . . .     Gourm    .   c - +0 shield
rNeg     + . .     Faith    .   b - +0 scale mail
rPois    ∞         Spirit   .   (no helmet)
rElec    +         Reflect  .   (no cloak)
rCorr    .         Harm     .   v - +2 pair of gloves
MR       .....                  (no boots)
Stlth    +.........             (no amulet)
HPRegen  0.18/turn              A - ring of stealth
MPRegen  0.11/turn              w - ring of protection from fire

@: glowing
A: negative energy resistance 1, electricity resistance, unbreathing,
petrification resistance, rot immunity, AC +5
a: Renounce Religion


You were on level 5 of the Dungeon.
You worshipped the Shining One.
The Shining One was noncommittal.
You were not hungry.

You visited 1 branch of the dungeon, and saw 5 of its levels.

You collected 235 gold pieces.

Inventory:

Hand Weapons
 a - a +0 war axe (weapon)
Armour
 b - a +0 scale mail (worn)
 c - a +0 shield (worn)
 v - a +2 pair of gloves (worn)
   (You found it on level 3 of the Dungeon)
Jewellery
 w - a ring of protection from fire (right hand)
   (You found it on level 3 of the Dungeon)
 y - an uncursed ring of see invisible
   (You found it on level 3 of the Dungeon)
 A - a ring of stealth (left hand)
   (You found it on level 4 of the Dungeon)
Wands
 s - a wand of flame (23)
   (You took it off Grinder on level 2 of the Dungeon)
Scrolls
 e - 3 scrolls of blinking {unknown}
 g - a scroll of amnesia {unknown}
 i - 2 scrolls of enchant weapon {unknown}
 j - a scroll of immolation {unknown}
 m - 5 scrolls of identify {unknown}
 n - 3 scrolls of remove curse
 q - a scroll of enchant armour {unknown}
 t - a scroll of fog {unknown}
 u - a scroll of teleportation {unknown}
 B - a scroll of noise {unknown}
Potions
 d - 3 potions of might
 h - 4 potions of curing {unknown}
 k - 3 potions of heal wounds {unknown}
 l - a potion of degeneration {unknown}
 o - 5 potions of flight {unknown}
 r - 2 potions of magic {unknown}
 x - a potion of brilliance {unknown}
 z - a potion of invisibility {unknown}
Comestibles
 f - 7 rations
 p - 4 chunks of flesh


   Skills:
 + Level 7.7 Fighting
 * Level 6.2 Axes
 + Level 3.6 Armour
 - Level 3.2 Shields
 + Level 1.2 Invocations


You had 7 spell levels left.
You didn't know any spells.
Your spell library was empty.

Dungeon Overview and Level Annotations

Branches:
Dungeon (5/15)
 Temple: D:4-7

Altars:
Trog
The Shining One

Shops:
D:4 :   D:5 }:

Annotations:
D:5 Menkaure


Innate Abilities, Weirdness & Mutations

You are resistant to torment.
Your stone body is resilient. (AC +5)
You are immune to poison.
You resist negative energy. (rN+)
You are resistant to electric shocks. (rElec)
You can survive without breathing.
You are immune to petrification.
You are immune to rotting.


Message History

There is an open door here.
You open the door.
Found a stone staircase leading down.
A bullfrog skeleton comes into view.
There is an open door here.
A bullfrog skeleton is nearby!
A bullfrog skeleton is nearby!
The bullfrog skeleton hits you but does no damage. x2
Some of the chunks of flesh in your inventory have rotted away.
You slash the bullfrog skeleton!
The bullfrog skeleton is heavily damaged.
The bullfrog skeleton hits you but does no damage.
You hit the bullfrog skeleton.
The bullfrog skeleton is heavily damaged.
The bullfrog skeleton hits you but does no damage.
The bullfrog skeleton hits you.
You slash the bullfrog skeleton!
You destroy the bullfrog skeleton!
The Shining One accepts your kill.
No target in view!
No target in view!
No target in view!
No target in view!
No target in view!
You open the door.
There is an open door here.
There is an open door here.
You open the door.
There is an open door here.
You open the door.
There is an open door here.
Menkaure, Prince of Dust comes into view.
Menkaure mumbles some strange words.
Menkaure seems to speed up.
You block Menkaure's attack.
You hit Menkaure but do no damage. Menkaure hits you!
Menkaure casts a spell at you. Pain shoots through your body!
You slash Menkaure!
Menkaure is heavily damaged.
You block Menkaure's attack.
Your shield prevents you from hitting Menkaure.
Menkaure is heavily damaged.
Menkaure hits you. Menkaure hits you!
* * * LOW HITPOINT WARNING * * *
You hit Menkaure.
Menkaure is heavily damaged.
Menkaure draws the symbol "Udjat" in the dust.
Menkaure hits you!
You die...

#.....#.......#...'.........#####
#.....#..########'#..............
#.....#..###..##..#..............
#.....'...........#..............
#.....#...........#..............
#.....#...........#.........#####
#.....#...........#.........#....
#.....#...........#.........#.÷..
#.....##########@.#.........##'##
#..............#M.#....####......
#..............#..#....#>.#......
#...#####......#..#....'..#......
#.#########....#..#....#..#......
#.####_####....#..#....#..#......
#.##.....##....#..#....#..#......
#.##♣...♣##....####....#..#......
#.##.....####.....>.####..#######


You could see Menkaure.

Vanquished Creatures
  Grinder (D:2)
  A phantom (D:4)
  A howler monkey (D:5)
  A crimson imp (D:2)
  An orc wizard (D:3)
  A centaur skeleton (D:5)
  2 orc priests (D:5)
  A bullfrog skeleton (D:5)
  2 hounds
  Terence (D:2)
  Jessica (D:3)
  A gnoll shaman (D:5)
  2 iguanas
  3 worker ants
  7 gnolls
  7 adders
  2 shadow imps (D:5)
  2 oozes (D:4)
  2 adder skeletons (D:4)
  2 worms
  A dart slug (D:3)
  3 leopard geckos
  22 orcs
  7 giant cockroaches
  4 hobgoblins
  2 jackals (D:2)
  11 kobolds
  7 quokkas
  2 ball pythons
  7 bats
  4 frilled lizards
  10 goblins
  2 quokka skeletons (D:5)
  5 rats
128 creatures vanquished.

Notes
Turn   | Place    | Note
-------+----------+-------------------------------------------
     0 | D:1      | Flugkiller the Gargoyle Fighter began the quest for the
                  | Orb.
     0 | D:1      | Reached XP level 1. HP: 14/14 MP: 1/1
     1 | D:1      | Found a bloodstained altar of Trog.
   224 | D:1      | Reached XP level 2. HP: 18/19 MP: 2/2
   846 | D:1      | Reached XP level 3. HP: 24/24 MP: 3/3
   963 | D:2      | Reached skill level 4 in Fighting
  1082 | D:2      | Noticed Terence
  1111 | D:2      | Killed Terence
  1111 | D:2      | Reached XP level 4. HP: 25/30 MP: 4/4
  1260 | D:2      | Reached XP level 5. HP: 28/34 MP: 5/5
  1426 | D:2      | Reached skill level 5 in Fighting
  1524 | D:3      | Noticed Grinder
  1533 | D:2      | Killed Grinder
  1533 | D:2      | Reached XP level 6. HP: 18/41 MP: 6/6
  1662 | D:3      | Reached skill level 6 in Fighting
  2295 | D:3      | Noticed Jessica
  2302 | D:3      | Killed Jessica
  2309 | D:3      | Reached XP level 7. HP: 46/47 MP: 7/7
  2516 | D:3      | Reached skill level 5 in Axes
  3032 | D:4      | Reached skill level 7 in Fighting
  3105 | D:4      | Found Negh's Book Shoppe.
  3689 | D:5      | Entered Level 5 of the Dungeon
  3689 | D:5      | Found Tuzivafi's Gadget Shoppe.
  4005 | D:5      | Found a glowing golden altar of the Shining One.
  4012 | D:5      | Became a worshipper of the Shining One
  4041 | D:5      | Reached XP level 8. HP: 51/53 MP: 8/8
  4181 | D:5      | Reached skill level 1 in Invocations
  4211 | D:5      | Found Gacexoub's Book Emporium.
  4526 | D:5      | Noticed Menkaure
  4534 | D:5      | Slain by Menkaure

Skill      XL: |  1  2  3  4  5  6  7  8 |
---------------+-------------------------+-----
Axes           | 2 3 4 5 6 |  6.2
Fighting       | 4 5 6 7 |  7.7
Invocations    | 1 |  1.2
Armour         | |  3.6
Shields        | |  3.2

Action                   |  1- 3 |  4- 6 |  7- 9 || total
-------------------------+-------+-------+-------++-------
Melee: War axe           |   135 |   156 |   212 ||   503
  Use: Scroll            |       |       |     2 ||     2
  Eat: Chunk             |     1 |     4 |     8 ||    13
Armor: Scale mail        |    74 |   107 |   129 ||   310
Dodge: Dodged            |    49 |    59 |    61 ||   169
Block: Shield            |    67 |   110 |   116 ||   293
